 Dungeon Crawl Stone Soup version 0.30.1-9-gdf580d7c3d (webtiles) character file.

Game seed: 7679613459975724625

111 Chiseanne the Covered (level 4, 0/33 HPs)
             Began as a Demonspawn Wanderer on Oct 9, 2023.
             Slain by Grinder (3 damage)
             ... on level 3 of the Dungeon.
             The game lasted 00:06:01 (2671 turns).

Chiseanne the Covered (Demonspawn Wanderer)         Turns: 2671, Time: 00:06:02

Health: 0/33       AC:  9    Str: 14    XL:     4   Next: 62%
Magic:  7/7        EV:  9    Int: 18    God:
Gold:   98         SH:  0    Dex: 10    Spells: 6/7 levels left

rFire   . . .        a - +0 flail
rCold   . . .        (no shield)
rNeg    . . .        d - +2 scale mail
rPois   .            (no helmet)
rElec   .            (no cloak)
rCorr   .            (no gloves)
SInv    .            (no boots)
Will    .....        (no amulet) Stlth
                     (no ring)
HPRegen 0.25/turn    (no ring)
MPRegen 0.10/turn

%: no passive effects
@: flying, hasted, very quick
A: demonic guardian 1, big brain 1
a: no special abilities


You were on level 3 of the Dungeon.
You visited 1 branch of the dungeon, and saw 3 of its levels.

You collected 98 gold pieces.

Inventory:

Hand Weapons
 a - a +0 flail (weapon)
Missiles
 f - 43 stones
 h - 4 boomerangs (quivered)
 l - 4 poisoned darts
Armour
 d - a +2 scale mail (worn)
Jewellery
 m - an amulet of guardian spirit
Wands
 o - a wand of digging (2)
Scrolls
 c - 2 scrolls of blinking
 i - a scroll of fog
 j - a scroll of butterflies
 k - 2 scrolls of teleportation
Potions
 b - a potion of mutation
 g - a potion of curing
 p - a potion of invisibility {unknown}


   Skills:
 * Level 2.0 Fighting
 - Level 1.0 Throwing
 * Level 4.2 Armour
 * Level 2.1 Dodging
 * Level 2.3 Spellcasting
 * Level 1.1 Conjurations
 - Level 1.0 Fire Magic
 - Level 1.0 Evocations


You had 6 spell levels left.
You knew the following spells:

 Your Spells              Type           Power      Damage    Failure   Level
a - Foxfire               Conj/Fire      20%        2x1d5     41%         1

Your spell library contained the following spells:

 Spells                   Type           Power      Damage    Failure   Level
 Volatile Blastmotes      Fire/Tloc      6%         2d10      86%         3


Dungeon Overview and Level Annotations

Branches:
Dungeon (3/15)

Altars:

Annotations:
D:3 Grinder, Sigmund


Innate Abilities, Weirdness & Mutations

A weak demonic guardian rushes to your aid.
You have an unusually large brain. (Int +2)


Message History

Throw: 4 boomerangs
Press: ? - help, Q - select action, (/) - cycle Shift-Dir - straight line, f/p - Grinder
Aim: Grinder (heavily wounded, 52% to hit)
You throw a boomerang. The boomerang hits Grinder.
Grinder is severely wounded.
Throw: 4 boomerangs
Press: ? - help, Q - select action, (/) - cycle Shift-Dir - straight line, f/p - Grinder
Aim: Grinder (severely wounded, 52% to hit)
You throw a boomerang. The boomerang barely misses Grinder.
Throw: 4 boomerangs
Press: ? - help, Q - select action, (/) - cycle Shift-Dir - straight line, f/p - Grinder
Aim: Grinder (severely wounded, 52% to hit)
You throw a boomerang. The boomerang hits Grinder.
Grinder is severely wounded.
Throw: 4 boomerangs
Press: ? - help, Q - select action, (/) - cycle Shift-Dir - straight line, f/p - Grinder
Aim: Grinder (severely wounded, 52% to hit)
You throw a boomerang. The boomerang closely misses Grinder.
You hit Grinder but do no damage.
Grinder is severely wounded.
Grinder gestures at you. Pain shoots through your body!
You barely miss Grinder.
Grinder is severely wounded.
Grinder barely misses you.
You closely miss Grinder.
Grinder is severely wounded.
Grinder completely misses you.
You closely miss Grinder.
Grinder is severely wounded.
Grinder gestures at you. Pain shoots through your body!
* * * LOW HITPOINT WARNING * * *
A demonic guardian appears!
You barely miss Grinder.
Grinder is severely wounded.
Grinder hits you.
* * * LOW HITPOINT WARNING * * *
You writhe in agony.
You die...

.....(..........
...............
..#..........#
#......#.#...#
.......#.#...##
.......#......##
..##..........#
.............[<######
.######......@........
#.#....5.######.
#.#.....5...#
#........##...
#.................
####..............
#.#......###. . #.
#.##...#.# #.#
#.######..#


You could see Grinder (ally target) and a friendly quasit (summoned).

Vanquished Creatures
  3 gnolls (D:2)
  An adder (D:2)
  A worm (D:2)
  2 dart slugs
  5 orcs (D:3)
  2 endoplasms
  6 giant cockroaches
  3 goblins
  2 hobgoblins (D:1)
  4 jackals (D:2)
  5 quokkas
  6 ball pythons
  A frilled lizard (D:2)
  3 rats
44 creatures vanquished.

Vanquished Creatures (collateral kills)
  A gnoll (D:2)
  A worm (D:3)
2 creatures vanquished.

Grand Total: 46 creatures vanquished

Notes
Turn   | Place    | Note
-------+----------+-------------------------------------------
     0 | D:1      | Chiseanne the Demonspawn Wanderer began the quest for the
                  | Orb.
     0 | D:1      | Chiseanne set off with the following items: a +0 club, a
                  | potion of mutation, a scroll of blinking, a +2 scale mail;
                  | and the following spell memorised: Foxfire; and the
                  | following spells available to memorise: Volatile
                  | Blastmotes.
     0 | D:1      | Reached XP level 1. HP: 13/13 MP: 3/3
   331 | D:1      | Gained mutation: You have an unusually large brain. (Int
                  | +2) [demonic ancestry]
   331 | D:1      | Reached XP level 2. HP: 15/20 MP: 5/5
   965 | D:1      | Reached skill level 1 in Fighting
  1432 | D:2      | Reached skill level 4 in Armour
  1432 | D:2      | Gained mutation: A weak demonic guardian rushes to your
                  | aid. [demonic ancestry]
  1432 | D:2      | Reached XP level 3. HP: 14/26 MP: 6/6
  1773 | D:3      | Noticed Sigmund
  1965 | D:2      | Reached XP level 4. HP: 23/33 MP: 7/7
  2327 | D:3      | Noticed Grinder
  2343 | D:3      | Reached skill level 1 in Conjurations
  2354 | D:3      | Paralysed by Grinder for 3 turns
  2671 | D:3      | Slain by Grinder

Illustrated notes

Levels and vault maps discovered:
D:1:      dpeg_arrival_arbitrary_a, layout_loops_corners
D:2:      layout_basic
D:3:      layout_rooms, gammafunk_temple_overflow_pools, serial_corexii_hall,
          chequers_hall_statues_wall_a, corexii_hall_statues_deadend,
          uniq_grinder, uniq_sigmund

Skill      XL: |  1  2  3  4 |
---------------+-------------+-----
Fighting       | 1 2 |  2.0
Armour         | 4 |  4.2
Dodging        | 2 |  2.1
Conjurations   | 1 |  1.1
Throwing       | |  1.0
Spellcasting   | |  2.3
Fire Magic     | |  1.0
Evocations     | |  1.0

Action                     |  1- 3 |  4- 6 || total
---------------------------+-------+-------++-------
  Melee: Club              |   146 |       ||   146
         Punch             |     2 |     1 ||     3
         Flail             |     3 |    74 ||    77
  Throw: Boomerang         |       |     5 ||     5
    Use: Scroll            |     5 |     1 ||     6
         Potion            |       |     3 ||     3
 Armour: Scale mail        |   101 |    56 ||   157
  Dodge: Dodged            |    85 |    67 ||   152
